 Dungeon Crawl Stone Soup version 0.22.1-5-g62c59d919a (webtiles) character file.

247 Dickchan the Chopper (level 5, -1/47 HPs)
             Began as a Minotaur Berserker on Jan 16, 2019.
             Was a Priest of Trog.
             Slain by a gnoll shaman
             ... wielding a +4 whip of electrocution
              (6 damage)
             ... on level 3 of the Dungeon.
             The game lasted 00:03:00 (2599 turns).

Dickchan the Chopper (Minotaur Berserker)           Turns: 2599, Time: 00:03:01

Health: -1/47      AC:  2    Str: 22    XL:     5   Next: 85%
Magic:  4/4        EV: 13    Int:  4    God:    Trog [***...]
Gold:   149        SH:  0    Dex: 10    Spells: 4/4 levels left

rFire    . . .     SeeInvis .   l - +0 dagger (venom)
rCold    . . .     Gourm    .   (no shield)
rNeg     . . .     Faith    .   b - +0 animal skin
rPois    .         Spirit   .   (helmet restricted)
rElec    .         Reflect  .   (no cloak)
rCorr    .         Harm     .   (no gloves)
MR       .....                  (no boots)
Stlth    +.........             (no amulet)
HPRegen  0.15/turn              (no ring)
MPRegen  0.09/turn              (no ring)

@: glowing
A: retaliatory headbutt, horns 2
a: Berserk, Trog's Hand, Renounce Religion


You were on level 3 of the Dungeon.
You worshipped Trog.
Trog was most pleased with you.
You were not hungry.

You visited 1 branch of the dungeon, and saw 3 of its levels.

You collected 149 gold pieces.

Inventory:

Hand Weapons
 a - a +0 hand axe
 l - a +0 dagger of venom (weapon)
Armour
 b - a +0 animal skin (worn)
Scrolls
 d - 4 scrolls of identify {unknown}
 f - 2 scrolls of teleportation {unknown}
 g - a scroll of immolation {unknown}
 h - a scroll of enchant armour {unknown}
 i - a scroll of amnesia {unknown}
Potions
 e - 3 potions of berserk rage {unknown}
 k - a potion of resistance {unknown}
 m - a potion of flight {unknown}
 o - a potion of haste {unknown}
Comestibles
 c - 7 rations
 n - 9 chunks of flesh


   Skills:
 + Level 4.7 Fighting
 * Level 5.8 Axes
 + Level 3.9 Armour
 + Level 3.5 Dodging


You had 4 spell levels left.
You didn't know any spells.
Your spell library was empty.

Dungeon Overview and Level Annotations

Branches:
Dungeon (3/15)

Altars:
Elyvilon
Hepliaklqana


Innate Abilities, Weirdness & Mutations

You reflexively headbutt those who attack you in melee.
You have a pair of horns on your head.


Message History

The gnoll is lightly wounded.
The gnoll hits you with a halberd of chopping!
* * * LOW HITPOINT WARNING * * *
You barely miss the gnoll.
The gnoll is lightly wounded.
The gnoll hits you with a halberd of chopping.
* * * LOW HITPOINT WARNING * * *
x2 The gnoll shaman barely misses you.
You barely miss the gnoll. You headbutt the gnoll!
You kill the gnoll!
Trog accepts your kill.
The gnoll shaman mumbles some strange prayers to its god.
The gnoll shaman is healed somewhat.
You barely miss the gnoll shaman.
The gnoll shaman is moderately wounded.
The gnoll shaman completely misses you.
You hit the gnoll shaman but do no damage.
The gnoll shaman is moderately wounded.
The gnoll shaman hits you with a whip of electrocution.
You die...

......).÷)...)....... .
........#...)#....... #
#########''''#############
.........................# .
≈≈≈≈≈≈≈≈≈....≈≈≈≈≈≈≈≈≈≈≈≈####
≈≈≈≈≈≈≈≈≈....≈≈≈≈≈≈≈≈≈≈≈≈≈≈≈≈
≈≈≈≈≈≈≈≈≈....≈≈≈≈≈≈≈≈≈≈≈≈≈≈≈≈
............)g...............
#######.....@.........#######
#.........#.....#######
######...######........
........# #.(....## .....)..#
######... ..(.....## ###.
.........### ##.
.......#...#########..
...............÷..)....


You could see a gnoll shaman.

Vanquished Creatures
  A gnoll shaman (D:3)
  2 adders
  10 gnolls (D:3)
  An ooze (D:1)
  4 worms (D:2)
  5 giant cockroaches
  11 goblins
  7 hobgoblins
  12 jackals
  A quokka (D:2)
  A ball python (D:3)
  9 bats
  3 frilled lizards
  10 kobolds
  A leopard gecko skeleton (D:2)
  9 rats
87 creatures vanquished.

Notes
Turn   | Place    | Note
-------+----------+-------------------------------------------
     0 | D:1      | Dickchan the Minotaur Berserker began the quest for the
                  | Orb.
     0 | D:1      | Reached XP level 1. HP: 19/19 MP: 0/0
   151 | D:1      | Reached XP level 2. HP: 24/27 MP: 1/1
   181 | D:1      | Reached skill level 4 in Axes
   771 | D:1      | Reached XP level 3. HP: 27/33 MP: 2/2
   902 | D:2      | Found a white marble altar of Elyvilon.
   908 | D:2      | Reached ** piety under Trog
  1260 | D:2      | Reached XP level 4. HP: 27/40 MP: 3/3
  1793 | D:3      | Found a hazy altar of Hepliaklqana.
  1833 | D:3      | Reached skill level 5 in Axes
  2438 | D:3      | Reached XP level 5. HP: 39/47 MP: 4/4
  2518 | D:3      | Reached *** piety under Trog
  2599 | D:3      | Slain by a gnoll shaman

Skill      XL: |  1  2  3  4 |
---------------+-------------+-----
Axes           | 4 5 |  5.8
Fighting       | 4 |  4.7
Armour         | 3 |  3.9
Dodging        | 3 |  3.5

Action                   |  1- 3 |  4- 6 || total
-------------------------+-------+-------++-------
Melee: Hand axe          |    74 |    52 ||   126
       Headbutt          |     8 |    22 ||    30
       Dagger            |       |    55 ||    55
Invok: Berserk           |       |     1 ||     1
  Use: Potion            |       |     1 ||     1
  Eat: Chunk             |     1 |     5 ||     6
Armor: Animal skin       |    11 |    21 ||    32
Dodge: Dodged            |    59 |    93 ||   152
